 Dungeon Crawl Stone Soup version 0.21.1-1-g345015fe64 (webtiles) character file.

4104 PikkenKukken the Cudgeler (level 10, 0/74 HPs)
             Began as a Demonspawn Gladiator on June 7, 2018.
             Was an Initiate of Qazlal.
             Slain by a killer bee (1 damage)
             ... on level 8 of the Dungeon.
             The game lasted 00:37:36 (11344 turns).

PikkenKukken the Cudgeler (Demonspawn Gladiator)   Turns: 11344, Time: 00:37:37

Health: 0/74       AC: 14    Str: 13 (16) XL:     10   Next: 6%
Magic:  16/16      EV: 10    Int:  9 (12) God:    Qazlal [......]
Gold:   348        SH:  0    Dex: 13 (16) Spells: 17/17 levels left

rFire    + + .     SeeInvis +   a - +0 great mace
rCold    x . .     Gourm    +   (shield currently unavailable)
rNeg     . . .     Faith    .   D - +1 fire dragon scales
rPois    .         Spirit   .   (helmet restricted)
rElec    .         Reflect  .   (no cloak)
rCorr    .         Harm     .   w - +0 pair of gloves
MR       .....                  (no boots)
Stlth    ..........             m - amulet of the gourmand
HPRegen  0.22/turn              i - +3 ring of slaying
MPRegen  0.15/turn              u - ring of see invisible

@: lethally poisoned (0 -> -22)
A: horns 2, thin metallic scales 1, clever 1, powered by death 1, powered by
pain 1, screaming 1
a: Renounce Religion


You were on level 8 of the Dungeon.
You worshipped Qazlal.
Qazlal was noncommittal.
You were very full.

You visited 2 branches of the dungeon, and saw 10 of its levels.

You collected 348 gold pieces.

Inventory:

Hand Weapons
 a - a +0 great mace (weapon)
 b - a +0 arbalest
 c - a +0 whip
 x - a +0 hunting sling
 A - a +0 flail
Missiles
 d - 3 throwing nets (quivered)
 g - 62 sling bullets
 y - 23 bolts
Armour
 p - a +1 leather armour of magic resistance
 w - a +0 pair of gloves (worn)
 D - +1 fire dragon scales (worn)
Jewellery
 h - an uncursed ring of protection from fire
 i - a +3 ring of slaying (left hand)
 l - an uncursed amulet of regeneration {unknown}
 m - an amulet of the gourmand (around neck)
 t - an uncursed amulet of rage
 u - a ring of see invisible (right hand)
 E - an uncursed ring of stealth
Wands
 r - a wand of polymorph (13)
 s - a wand of iceblast (17)
 v - a wand of disintegration (15)
 B - a wand of digging (9)
 F - a wand of flame (29)
Scrolls
 e - 6 scrolls of remove curse
 j - 2 scrolls of fog
 k - 6 scrolls of identify
 q - 2 scrolls of magic mapping
Potions
 n - 2 potions of flight
 G - a potion of degeneration
Books
 z - a book of Misfortune

   Spells                             Type                      Level
   a - Confusing Touch                Hexes                        1
   b - Confuse                        Hexes                        3
   c - Gell's Gravitas                Translocation                3
   d - Petrify                        Transmutation/Earth          4
   e - Metabolic Englaciation         Hexes/Ice                    5
   f - Yara's Violent Unravelling     Hexes/Transmutation          5
 C - a book of Necromancy

   Spells                             Type                      Level
   a - Pain                           Necromancy                   1
   b - Animate Skeleton               Necromancy                   1
   c - Vampiric Draining              Necromancy                   3
   d - Regeneration                   Charms/Necromancy            3
   e - Animate Dead                   Necromancy                   4
   f - Borgnjor's Vile Clutch         Necromancy/Earth             5
 H - a book of Geomancy

   Spells                             Type                      Level
   a - Sandblast                      Earth                        1
   b - Passwall                       Transmutation/Earth          2
   c - Stone Arrow                    Conjuration/Earth            3
   d - Petrify                        Transmutation/Earth          4
   e - Lee's Rapid Deconstruction     Earth                        5
Comestibles
 f - 18 rations


   Skills:
 + Level 5.1 Fighting
 + Level 7.5 Maces & Flails
 - Level 2.6(3.0) Slings
 * Level 2.8 Crossbows
 - Level 1.8(2.5) Throwing
 * Level 5.4 Armour
 + Level 4.2 Dodging
 * Level 4.2 Spellcasting
 * Level 3.5 Invocations
 * Level 4.9 Evocations


You had 17 spell levels left.
You didn't know any spells.

Dungeon Overview and Level Annotations

Branches:
Dungeon (9/15)             Temple (1/1) D:5
   Lair: D:8-11         Orc: D:9-12

Altars:
Ashenzari
Cheibriados
Dithmenos
Elyvilon
Fedhas
Gozag
Hepliaklqana
Kikubaaqudgha
Makhleb
Nemelex Xobeh
Okawaru
Qazlal
Ru
Trog
Uskayaw
Vehumet
Wu Jian
Xom
Yredelemnul
Zin
The Shining One

Shops:
D:8 [


Innate Abilities, Weirdness & Mutations

You have a pair of horns on your head.
You are partially covered in thin metallic scales. (AC +2)
You regenerate a little health from kills.
You sometimes gain a little power by taking damage.
Your mind is acute. (Int +2)
You occasionally shout uncontrollably at your foes.


Message History

The killer bee stings you but does no damage.
The killer bee closely misses you. x2; The killer bee stings you.
* * * LOW HITPOINT WARNING * * *
You are more poisoned.
The killer bee poisons you!
You barely miss the killer bee.
The killer bee is heavily wounded.
* * * LOW HITPOINT WARNING * * *
You feel very sick.
The killer bee stings you but does no damage.
The killer bee closely misses you. The killer bee completely misses you.
The killer bee closely misses you.
You hit the killer bee. Your headbutt misses the killer bee.
The killer bee is severely wounded.
* * * LOW HITPOINT WARNING * * *
You feel very sick. The killer bee barely misses you. x2
The killer bee stings you but does no damage.
The killer bee stings you.
You die...

.##.# #.##.........# #.#.##.
....# #.##.........# #.#....
###.# ####.........# #.#.##. #
#.# ####..##### #.#.##. # #.#
#..# #.#.##. ###.# ###..####
#.#.##. #..# #...y...# #.#.##.
##..############y##########.#.#..
....#...........@................
...##.###(.......................
...##.# #.######............#....
...##.# #.# #............'...#
...##.# #.# #............#...#
...##.###.# #............#...#
...##.##..# #.####'###.###....
##.##.##..# #.......##.# #...#
##.....#..# ######.###.####..#


You could see 2 killer bees.

Vanquished Creatures
  The ghost of LevaFresel the Slinger, a novice HaHu of Okawaru (D:7)
  Pikel (D:8)
  The ghost of abdbla the Jinx, a novice SpEn of Nemelex Xobeh (D:6)
  Grinder (D:2)
  The ghost of PikkenKukken the Shield-Bearer, an amateur GrFi (D:4)
  A wraith (D:7)
  An ice beast (D:7)
  2 slaves (D:8)
  2 sky beasts
  An ogre (D:8)
  A centaur (D:7)
  A big kobold (D:8)
  A bullfrog (D:8)
  Blork the orc (D:5)
  3 scorpions
  A wight (D:7)
  4 killer bees
  3 howler monkeys
  A bullfrog zombie (D:5)
  3 crimson imps
  2 jellies
  A bullfrog skeleton (D:4)
  2 orc priests
  5 hounds
  8 orc wizards
  2 human zombies (D:7)
  2 human skeletons (D:7)
  4 worker ants
  An ogre zombie (D:7)
  A hound skeleton (D:4)
  3 mummies (D:7)
  A howler monkey zombie (D:6)
  9 gnolls
  9 adders
  A shadow imp (D:7)
  2 oozes
  2 adder skeletons (D:4)
  4 worms (D:2)
  A dart slug (D:5)
  2 leopard geckos
  26 orcs
  5 giant cockroaches
  19 goblins
  12 hobgoblins
  7 jackals
  A quokka (D:2)
  8 bats
  5 frilled lizards
  8 kobolds
  2 orc zombies (D:7)
  10 rats
196 creatures vanquished.

Notes
Turn   | Place    | Note
-------+----------+-------------------------------------------
     0 | D:1      | PikkenKukken the Demonspawn Gladiator began the quest for the Orb.
     0 | D:1      | Reached XP level 1. HP: 16/16 MP: 1/1
     0 | D:1      | Noticed a shadow dragon
     0 | D:1      | Noticed a white draconian
     1 | D:1      | Noticed a green draconian
     3 | D:1      | Noticed a green draconian
     3 | D:1      | Noticed a tentacled monstrosity
     5 | D:1      | Noticed a red draconian
     6 | D:1      | Noticed a large abomination
     7 | D:1      | Noticed an ice dragon
     8 | D:1      | Noticed a purple draconian
    10 | D:1      | Noticed a large abomination
    10 | D:1      | Noticed a red draconian
    12 | D:1      | Noticed a purple draconian
    15 | D:1      | Noticed a tentacled monstrosity
    15 | D:1      | Noticed a large abomination
    15 | D:1      | Noticed an ice dragon
    17 | D:1      | Noticed an orb of fire
    19 | D:1      | Noticed a purple draconian
    19 | D:1      | Noticed a shadow dragon
    21 | D:1      | Noticed an iron dragon
   113 | D:1      | Gained mutation: You sometimes gain a little power by taking damage. [demonic ancestry]
   113 | D:1      | Reached XP level 2. HP: 16/22 MP: 2/2
   350 | D:1      | Reached skill level 3 in Maces & Flails
   832 | D:1      | Gained mutation: You have a pair of small horns on your head. [demonic ancestry]
   832 | D:1      | Reached XP level 3. HP: 27/28 MP: 3/3
  1193 | D:2      | Found an iron altar of Okawaru.
  1236 | D:2      | Reached skill level 1 in Armour
  1671 | D:1      | Gained mutation: You are partially covered in thin metallic scales. (AC +2) [demonic ancestry]
  1671 | D:1      | Reached XP level 4. HP: 34/34 MP: 4/4
  2199 | D:2      | Reached skill level 1 in Slings
  2628 | D:2      | Gained mutation: You regenerate a little health from kills. [demonic ancestry]
  2628 | D:2      | Reached XP level 5. HP: 39/39 MP: 5/5
  3137 | D:3      | Reached skill level 4 in Maces & Flails
  3168 | D:3      | Reached XP level 6. HP: 18/46 MP: 6/6
  3632 | D:3      | Noticed Grinder
  3887 | D:2      | Paralysed by Grinder for 2 turns
  3893 | D:2      | Paralysed by Grinder for 5 turns
  3898 | D:2      | Killed Grinder
  3898 | D:2      | Reached skill level 1 in Spellcasting
  3898 | D:2      | Reached skill level 1 in Evocations
  3898 | D:2      | Reached XP level 7. HP: 22/52 MP: 7/9
  4394 | D:4      | Noticed PikkenKukken's ghost (amateur GrFi)
  4488 | D:4      | HP: 1/52 [PikkenKukken's ghost (4)]
  4821 | D:4      | Found a glowing silver altar of Zin.
  5247 | D:4      | Found a sparkling altar of Nemelex Xobeh.
  5306 | D:4      | Gained mutation: You occasionally shout uncontrollably at your foes. [potion of mutation]
  5306 | D:4      | Gained mutation: You have a pair of horns on your head. [potion of mutation]
  5306 | D:4      | Gained mutation: Your mind is acute. (Int +2) [potion of mutation]
  5326 | D:4      | Killed PikkenKukken's ghost
  5326 | D:4      | Reached skill level 5 in Maces & Flails
  5674 | D:4      | Found a bloodstained altar of Trog.
  5881 | D:4      | Reached XP level 8. HP: 52/58 MP: 11/11
  6180 | D:5      | Entered Level 5 of the Dungeon
  6470 | D:5      | Found a snail-covered altar of Cheibriados.
  6473 | D:5      | Found a hazy altar of Hepliaklqana.
  6473 | D:5      | Found a glowing golden altar of the Shining One.
  6476 | D:5      | Found a burning altar of Makhleb.
  6845 | D:5      | Found a staircase to the Ecumenical Temple.
  6874 | Temple   | Entered the Ecumenical Temple
  7056 | Temple   | Became a worshipper of Qazlal Stormbringer
  7092 | D:5      | Found a hide-covered altar of Uskayaw.
  7092 | D:5      | Found a basalt altar of Yredelemnul.
  7095 | D:5      | Found an opulent altar of Gozag.
  7180 | D:5      | Noticed Blork the orc
  7202 | D:5      | Killed Blork the orc
  7652 | D:5      | Found a bloodstained altar of Trog.
  7652 | D:5      | Found an iron altar of Okawaru.
  7781 | D:6      | Noticed abdbla's ghost (novice SpEn)
  8099 | D:6      | Killed abdbla's ghost
  8099 | D:6      | Reached skill level 6 in Maces & Flails
  8796 | D:6      | Reached XP level 9. HP: 66/66 MP: 12/14
  9495 | D:7      | Noticed LevaFresel's ghost (novice HaHu)
  9499 | D:7      | Reached skill level 1 in Invocations
  9514 | D:7      | Killed LevaFresel's ghost
  9514 | D:7      | Reached skill level 1 in Crossbows
  9794 | D:7      | Found an ancient bone altar of Kikubaaqudgha.
  9910 | D:7      | Reached skill level 7 in Maces & Flails
 10181 | D:8      | Noticed Pikel
 10189 | D:8      | Killed Pikel
 10189 | D:8      | Reached skill level 5 in Fighting
 10189 | D:8      | Reached skill level 5 in Armour
 10703 | D:8      | Reached XP level 10. HP: 74/74 MP: 16/16
 10812 | D:8      | Found Plog's Antique Armour Emporium.
 11344 | D:8      | HP: 1/74 [poisoned by a killer bee]
 11344 | D:8      | Slain by a killer bee

Skill      XL: |  1  2  3  4  5  6  7  8  9 |
---------------+----------------------------+-----
Maces & Flails | 3 4 5 6 7 |  7.5
Dodging        | 3 4 |  4.2
Armour         | 1 2 3 4 5 |  5.4
Slings         | 1 2 |  2.6
Fighting       | 3 4 5 |  5.1
Spellcasting   | 1 2 3 4 |  4.2
Evocations     | 1 2 3 4 |  4.9
Invocations    | 3 |  3.5
Crossbows      | 2 |  2.8
Throwing       | |  1.8

Action                   |  1- 3 |  4- 6 |  7- 9 | 10-12 || total
-------------------------+-------+-------+-------+-------++-------
Melee: Flail             |   117 |   210 |   357 |       ||   684
       Headbutt          |     2 |    33 |   100 |     6 ||   141
       Great mace        |       |       |   107 |    16 ||   123
 Fire: Hunting sling     |    22 |    59 |    17 |       ||    98
       Arbalest          |       |       |    30 |     5 ||    35
Throw: Throwing net      |     3 |       |     2 |       ||     5
  Use: Scroll            |     4 |     4 |     4 |     1 ||    13
       Potion            |     2 |     1 |     5 |     1 ||     9
  Eat: Chunk             |     2 |    21 |    22 |       ||    45
Armor: Chain mail        |    99 |   190 |     7 |       ||   296
       Scale mail        |     1 |       |       |       ||     1
       Skin              |    17 |       |       |       ||    17
       Leather armour    |       |       |   101 |       ||   101
       Plate armour      |       |       |     5 |       ||     5
       Fire dragon scale |       |       |    55 |    24 ||    79
Dodge: Dodged            |    70 |   107 |   267 |    49 ||   493
